 Dungeon Crawl Stone Soup version 0.22-a0-469-gf26638a71f (webtiles) character file.

63 henreader the Insei (level 3, -4/29 HPs)
             Began as a Demonspawn Monk on June 12, 2018.
             Slain by whodunnit's ghost (11 damage)
             ... on level 3 of the Dungeon.
             The game lasted 00:09:29 (2384 turns).

henreader the Insei (Demonspawn Monk)               Turns: 2384, Time: 00:09:29

Health: -4/29      AC: 13    Str: 12    XL:     3   Next: 89%
Magic:  3/3        EV:  3    Int: 11    God:
Gold:   42         SH:  0    Dex: 15    Spells: 2/2 levels left

rFire    . . .     SeeInvis .     - Unarmed
rCold    . . .     Gourm    .   (no shield)
rNeg     . . .     Faith    .   s - +0 plate armour
rPois    +         Spirit   .   (no helmet)
rElec    .         Reflect  .   (no cloak)
rCorr    .         Harm     .   d - +0 pair of gloves
MR       +....                  (no boots)
Stlth    ..........             p - amulet of magic regeneration
HPRegen  0.09/turn              c - ring of poison resistance
MPRegen  0.33/turn              j - ring of protection from magic

@: no status effects
A: molten scales 1, powered by death 1
a: no special abilities


You were on level 3 of the Dungeon.
You were not hungry.

You visited 1 branch of the dungeon, and saw 3 of its levels.

You collected 42 gold pieces.

Inventory:

Missiles
 e - 78 stones (quivered)
Armour
 a - a +0 robe
 d - a +0 pair of gloves (worn)
 m - a +0 leather armour
 s - a +0 plate armour (worn)
Jewellery
 c - a ring of poison resistance (left hand)
 i - an uncursed ring of protection from fire
 j - a ring of protection from magic (right hand)
 l - an uncursed ring of fire
 p - an amulet of magic regeneration (around neck)
 q - an uncursed ring of poison resistance
Scrolls
 f - 2 scrolls of remove curse
Potions
 g - a potion of heal wounds {unknown}
 h - 2 potions of lignification {unknown}
 k - a potion of resistance {unknown}
 n - a potion of brilliance {unknown}
 o - a potion of curing {unknown}
Comestibles
 b - 3 rations
 r - 2 chunks of flesh


   Skills:
 - Level 3.3 Fighting
 - Level 3.0 Dodging
 - Level 1.7 Stealth
 * Level 3.9 Unarmed Combat


You had 2 spell levels left.
You didn't know any spells.
Your spell library was empty.

Dungeon Overview and Level Annotations

Branches:
Dungeon (3/15)

Altars:
Yredelemnul
The Shining One

Annotations:
D:3 whodunnit's ghost, amateur FoFi


Innate Abilities, Weirdness & Mutations

You are partially covered in molten scales. (AC +2)
You regenerate a little health from kills.


Message History

You throw a stone.
Whodunnit's ghost turns its malevolent gaze towards you.
The stone hits whodunnit's ghost but does no damage.
Whodunnit's ghost whispers, "The ORB doesn't exist."
Whodunnit's ghost hits you but does no damage.
Space bends around you.
Your plate armour prevents you from hitting whodunnit's ghost.
Whodunnit's ghost hits you but does no damage.
Space warps horribly around you!
You are too injured to fight recklessly!
You are too injured to fight recklessly!
You are too injured to fight recklessly!
You hit whodunnit's ghost.
Whodunnit's ghost is lightly damaged.
Whodunnit's ghost hits you. Space bends around you.
* * * LOW HITPOINT WARNING * * *
Your plate armour prevents you from hitting whodunnit's ghost.
Whodunnit's ghost is lightly damaged.
Whodunnit's ghost hits you!
You die...

........................
##########..#..#.##.#.#.
#.....#........##.#.#.
#.....#........##.#.#.
#.....#.#..#...##.#.#.
+.....#.#..#...##.#.#.
#.....#.#..#...##.#.#.
#)#.#......##.#.#.
..#####@#.#..#...#
......W...#..#####
.....(....##.#
.............#
..........##..#
.##.......# ....
#.....(## ### #......#
#......#


You could see whodunnit's ghost.

Vanquished Creatures
  An adder (D:3)
  6 dart slugs
  A leopard gecko (D:3)
  An orc (D:3)
  A ball python (D:1)
  8 goblins
  5 hobgoblins
  6 bats
  2 frilled lizards
  3 kobolds
  6 rats
40 creatures vanquished.

Notes
Turn   | Place    | Note
-------+----------+-------------------------------------------
     0 | D:1      | henreader the Demonspawn Monk began the quest for the Orb.
     0 | D:1      | Reached XP level 1. HP: 18/18 MP: 1/1
   260 | D:1      | Gained mutation: You are partially covered in molten scales. (AC +2) [demonic ancestry]
   260 | D:1      | Reached XP level 2. HP: 24/24 MP: 2/2
  1224 | D:2      | Gained mutation: You regenerate a little health from kills. [demonic ancestry]
  1224 | D:2      | Reached XP level 3. HP: 26/29 MP: 3/3
  1711 | D:2      | Found a glowing golden altar of the Shining One.
  1736 | D:2      | Found a basalt altar of Yredelemnul.
  1742 | D:2      | Noticed an angel
  2379 | D:3      | Noticed whodunnit's ghost (amateur FoFi)
  2384 | D:3      | Slain by whodunnit's ghost

Vault maps used:
D:1:      grunt_arrival_crossed_arrows, minmay_misc_feat_tiny
D:2:      grunt_temple_overflow_holy_war, first_ration
D:3:      evilmike_ruin_ashenzari, chequers_temple_overflow_minitemple

Skill      XL: |  1  2 |
---------------+-------+-----
Unarmed Combat | 3 |  3.9
Dodging        | 3 |  3.0
Fighting       | |  3.3
Stealth        | |  1.7

Action                   || total
-------------------------++-------
Melee: Unarmed           ||   157
       Punch             ||     3
Throw: Stone             ||    35
  Use: Scroll            ||     4
 Stab: Sleeping          ||     2
  Eat: Chunk             ||     5
Armor: Robe              ||    17
       Leather armour    ||    29
       Plate armour      ||     4
Dodge: Dodged            ||    88

Table legend:
 A = Spawn XP
 B = Non-spawn XP
 C = Spawn XP percentage of total XP
 D = Spawn monster count
 E = Non-spawn monster count
 F = Spawn count percentage of total count
 G = Total turns spent on level
                    A         B        C        D         E        F      G
               +---------+---------+-------+---------+---------+-------+---------
         Total |       0 |      91 |   0.0 |       0 |      40 |   0.0 |  2384
               +---------+---------+-------+---------+---------+-------+---------
           D:1 |       0 |      34 |   0.0 |       0 |      14 |   0.0 |   989
           D:2 |       0 |      27 |   0.0 |       0 |      17 |   0.0 |   969
           D:3 |       0 |      30 |   0.0 |       0 |       9 |   0.0 |   426
               +---------+---------+-------+---------+---------+-------+---------
